 Dungeon Crawl Stone Soup version 0.28-a0-1159-g27aa881441 (webtiles) character file.

Game seed: 9669569384884858854

159 SensoryNuts the Skirmisher (level 5, 0/41 HPs)
             Began as a Demonspawn Fighter on Dec 15, 2021.
             Slain by a scorpion (4 damage)
             ... on level 3 of the Dungeon.
             The game lasted 00:02:35 (2753 turns).

SensoryNuts the Skirmisher (Demonspawn Fighter)     Turns: 2753, Time: 00:02:36

Health: 0/41       AC:  6    Str: 18    XL:     5   Next: 17%
Magic:  5/5        EV: 11    Int: 10    God:
Gold:   76         SH:  4    Dex: 12    Spells: 4/4 levels left

rFire   . . .      SeeInvis .   a - +0 trident
rCold   . . .      Faith    .   c - +0 buckler
rNeg    . . .      Spirit   .   b - +0 scale mail
rPois   .          Reflect  .   (no helmet)
rElec   .          Harm     .   (no cloak)
rCorr   .          Rampage  .   (no gloves)
Will    .....                   (no boots)
Stlth   ..........              (no amulet)
HPRegen 0.13/turn               (no ring)
MPRegen 0.09/turn               (no ring)

@: lethally poisoned (0 -> -9), invisible
A: repulsion field 1
a: no special abilities


You were on level 3 of the Dungeon.
You visited 1 branch of the dungeon, and saw 3 of its levels.

You collected 76 gold pieces.

Inventory:

Hand Weapons
 a - a +0 trident (weapon)
Armour
 b - a +0 scale mail (worn)
 c - a +0 buckler (worn)
Jewellery
 h - a ring of wizardry
Scrolls
 d - a scroll of blinking {unknown}
 e - 2 scrolls of identify
 j - a scroll of teleportation
Potions
 f - a potion of invisibility
 g - a potion of curing {unknown}


   Skills:
 + Level 3.5 Fighting
 + Level 3.5 Polearms
 + Level 3.2 Armour
 + Level 0.7 Dodging
 + Level 3.3 Shields


You had 4 spell levels left.
You didn't know any spells.
Your spell library contained the following spells:

 Spells                   Type           Power      Damage    Failure   Level
 Freeze                   Ice            0%         1d3       78%         1
 Sublimation of Blood     Necr           0%         N/A       89%         2
 Frozen Ramparts          Ice            0%         1d2       98%         3
 Hailstorm                Conj/Ice       0%         3d3       100%        4
 Petrify                  Tmut/Erth      0%         N/A       100%        4
 Irradiate                Conj/Tmut      0%         3d14      100%        5


Dungeon Overview and Level Annotations

Branches:
Dungeon (3/15)

Altars:
Xom

Shops:
D:2 (


Innate Abilities, Weirdness & Mutations

You are surrounded by a mild repulsion field. (EV +2)


Message History

The scorpion poisons you!
You open the door.
You feel sick. The goblin barely misses you. The scorpion misses you.
Found 13 gold pieces.
You feel sick.
There is an open door here.
You barely miss the goblin.
You feel sick. You block the scorpion's attack.
The goblin hits you but does no damage.
You closely miss the goblin.
You feel sick. You block the scorpion's attack. The goblin barely misses you.
The scorpion closely misses you. The kobold misses you.
You barely miss the goblin.
You feel sick. The goblin misses you. The scorpion stings you.
You are more poisoned.
The scorpion poisons you! The kobold misses you.
You hit the goblin but do no damage.
You feel very sick. The scorpion stings you. The goblin completely misses you.
The kobold closely misses you. You block the scorpion's attack.
You block the goblin's attack.
You closely miss the goblin.
You feel sick.
The kobold hits you with a +0 short sword.
The scorpion stings you!
* * * LOW HITPOINT WARNING * * *
You are lethally poisoned!
The scorpion poisons you! The goblin hits you but does no damage.
You hit the goblin.
The goblin is severely wounded.
* * * LOW HITPOINT WARNING * * *
You feel very sick. You block the scorpion's attack.
You block the kobold's attack. The goblin hits you but does no damage.
Unknown command.
You fade into invisibility!
* * * LOW HITPOINT WARNING * * *
You feel very sick.
The scorpion stings you but does no damage.
You block the kobold's attack. The goblin closely misses you.
The scorpion stings you.
You die...

########....#
#.#.#.#.#.#.#.#.# ..#
######
#.#.#.##...##.#.# #.#
#.#..⌠...⌠...⌠..#
#.###.##†..##.###
#...#.#.#.#.#.### #
#####..##.##..##. .
#.#### ##⌠...⌠...⌠#..
..
#...$###.####.####...
... ###@##..#
#.........
#.sgK...###.........
#.....^.'.#.........
#.......#.##........
#.......#+##>......#
#..................#
.###...†..............#
.........##.....
.........# .....


You could see a scorpion, a goblin and a kobold.

Vanquished Creatures
  An orc priest (D:3)
  2 gnolls (D:1)
  2 adders
  2 worms (D:2)
  2 dart slugs (D:2)
  3 orcs (D:3)
  7 ball pythons
  7 endoplasms
  2 giant cockroaches (D:3)
  11 goblins
  2 hobgoblins
  10 jackals
  2 quokkas
  7 bats
  4 frilled lizards
  3 kobolds
  5 rats
72 creatures vanquished.

Notes
Turn   | Place    | Note
-------+----------+-------------------------------------------
     0 | D:1      | SensoryNuts the Demonspawn Fighter began the quest for the
                  | Orb.
     0 | D:1      | Reached XP level 1. HP: 18/18 MP: 1/1
   215 | D:1      | Found a faded altar of an unknown god.
   242 | D:1      | Gained mutation: You are surrounded by a mild repulsion
                  | field. (EV +2) [demonic ancestry]
   242 | D:1      | Reached XP level 2. HP: 24/24 MP: 2/2
   295 | D:1      | Reached XP level 3. HP: 21/29 MP: 3/3
  1667 | D:2      | Found Iteggar's Weapon Shop.
  1681 | D:2      | Reached XP level 4. HP: 33/35 MP: 4/4
  1743 | D:2      | Found a shimmering altar of Xom.
  2235 | D:3      | Reached XP level 5. HP: 4/41 MP: 5/5
  2235 | D:3      | HP: 1/41 [quokka (3)]
  2753 | D:3      | Slain by a scorpion

Illustrated notes

Levels and vault maps discovered:
D:1:      mushboom_english_gardens, layout_basic,
          hellmonk_ecumenical_altar_lost_god, minmay_hedge_maze,
          kennysheep_small_spiral
D:2:      layout_basic, serial_shops, nicolae_shop_bloodbath_and_beyond,
          basic_altar
D:3:      layout_basic, fountainhead, moated_statue, minmay_misc_feat_plants,
          solitary_fountain, roderic_three_in_a_row

Skill      XL: |  1  2  3 |
---------------+----------+-----
Polearms       | 2 3 |  3.5
Armour         | 3 |  3.2
Shields        | 3 |  3.3
Fighting       | |  3.5
Dodging        | |  0.7

Action                   |  1- 3 |  4- 6 || total
-------------------------+-------+-------++-------
Melee: Trident           |   124 |   103 ||   227
  Use: Potion            |     4 |     2 ||     6
       Scroll            |     2 |       ||     2
Armor: Scale mail        |    36 |    26 ||    62
Dodge: Dodged            |    48 |    68 ||   116
Block: Buckler           |    18 |    15 ||    33

Table legend: (Time is in decaauts)
 A = Elapsed time spent in this place.
 B = Non-inter-level travel time spent in this place.
 C = Inter-level travel time spent in this place.
 D = Time resting spent in this place.
 E = Time spent auto-exploring this place.
 F = Levels seen in this place.
 G = Mean time per level.
                   A        B        C        D        E       F      G
               +--------+--------+--------+--------+--------+-----+--------+
         Total |   2793 |   2757 |     36 |      0 |   2308 |   3 |  931.0 |
       Dungeon |   2793 |   2757 |     36 |      0 |   2308 |   3 |  931.0 |
               +--------+--------+--------+--------+--------+-----+--------+

Top non-repeatable levels by time:
     D:1: 1495 daAuts
     D:3: 676 daAuts
     D:2: 622 daAuts
